Zazza, neutral female human Tourist ----------- ---------- ------ |.........| |.........###########|.....# |.........| |........| |....|# |..........# ---------- |........| |.*..|# |.........|# #-./....I.| |.........# |...<|# |.........|# #|$.......| |........|# --.-+-# |.........|# #|.......(| ---.----.-# ##### # -----.-----# #---------- ########## # ### # # # # ### # ## # ################################# # ------|- # ### #-----|----- # --|----# |......| d## `## #|.........|#########|......# |>......##%@#`### # # # #|.........|# ###|.....| |......| ### -.-|---- #+.........|# #-....{| ---- -------- # |......| -----------# ------- |..| ##-......| # |..| -------- ---- Zazza the Sightseer Experience level: 3 Strength: 16 Dexterity: 10 Constitution: 14 Intelligence: 15 Wisdom: 6 Charisma: 18 Health: 0(14) Energy: 9(9) Def: 1 Gold: 0 Moves: 1180 Dungeon seed: Wc8PlmMdQaD4Ra1G Game ID: Zazza_1619259909 Your Inventory: Weapons a - 36 +2 darts o - a +0 orcish dagger (weapon in hand) Armor e - an uncursed +0 Hawaiian shirt (being worn) n - a blessed +0 orcish helm (being worn) Comestibles b - 6 uncursed food rations c - an uncursed egg d - an uncursed sprig of wolfsbane f - an uncursed clove of garlic g - 2 uncursed tripe rations r - an uncursed carrot K - an uncursed lichen corpse Scrolls j - an uncursed scroll of magic mapping k - 2 blessed scrolls of magic mapping E - 2 uncursed scrolls of identify Potions h - an uncursed potion of extra healing i - a blessed potion of extra healing Wands w - a wand of create monster (0:13) A - a wand of slow monster (0:5) H - a wand of striking (0:5) Tools l - an expensive camera (0:55) m - an uncursed credit card z - an uncursed magic whistle Spells and supernatural/magical abilities: Name Level Category Fail Memory W - pray for help -- divine ? -- Your skills at the end: Fighting Skills Weapon Skills dart [Basic] Spellcasting Skills Final Attributes: You were fervently aligned. You are dead. Vanquished creatures: a kitten a gecko 4 jackals a kobold 4 goblins 3 sewer rats 3 grid bugs 4 lichens a kobold zombie 5 newts 27 creatures vanquished. Voluntary challenges: You used a wielded weapon 19 times, starting on turn 775. You read items or engraved 5 times, starting on turn 475. You never genocided any monsters. You never polymorphed an object. You never changed form. You used no wishes. You never split a pudding. You wrote Elbereth's name 2 times, starting on turn 774. You never violated your personal moral code. Dungeon overview: The Dungeons of Doom: levels 1 to 2 Level 1 an altar to The Lady a long staircase Level 2 <- You were here a general store, a fountain History has recorded: On T:1 you entered the Dungeons of Doom to retrieve the Amulet of Yendor! On T:394 you reached level 2 of The Dungeons of Doom. On T:775 you advanced to experience level 2. On T:895 you advanced to experience level 3. Score breakdown: Gold: 0 ( 0 points) Experience: 3 levels ( 7878 points) Exploration: 2 levels ( 4.08%) ( 4330 points) Discoveries: 7 items ( 2.35%) ( 4597 points) Valuables value: (no points given unless you survive) Artifact value: 0 ( 0 points) Variety of kills: 10 monsters ( 2.62%) ( 4860 points) Turncount: 1180 turns ( 0 points) Survival: died (score multiplied by 80%) Total score: 17332 Latest messages: The door resists! (2x) The door opens. The sewer rat bites! You miss the sewer rat. The sewer rat bites! You kill the sewer rat! With great effort you move the boulder. The jackal just misses! You miss the jackal. The jackal bites! You miss the jackal. The jackal bites! You kill the jackal! The jackal bites! You miss the jackal. The jackal bites! You hit the jackal. The jackal bites! You miss the jackal. The jackal bites! You miss the jackal. The jackal misses. You miss the jackal. The jackal bites! You die... Final status: Aloha Zazza the Tourist, killed by a jackal... You died in The Dungeons of Doom on dungeon level 2 with 17332 points, and 0 pieces of gold, after 1180 moves. You were level 3 with a maximum of 14 hit points when you died.